 Dungeon Crawl Stone Soup version 0.26.1-2-gb8aa6d0cf2 (webtiles) character file.

Game seed: 13486564706587110437

139946 Electrofox the Bludgeoner (level 16, -15/146 HPs)
             Began as a Minotaur Abyssal Knight on Mar 2, 2021.
             Was the Champion of Lugonu.
             Demolished by a dire elephant (20 damage)
             ... on level 15 of the Dungeon on Mar 6, 2021.
             The game lasted 04:07:02 (47535 turns).

Electrofox the Bludgeoner (MiAK)                   Turns: 47535, Time: 04:07:03

Health: -15/146    AC: 27    Str: 20    XL:     16   Next: 74%
Magic:  20/21      EV:  7    Int:  9    God:    Lugonu [******]
Gold:   2941       SH: 14    Dex: 12    Spells: 15/15 levels left

rFire    + . .     SeeInvis .   a - +5 trident (freeze)
rCold    + + .     Faith    .   m - +1 kite shield
rNeg     . . .     Spirit   .   r - +2 plate armour {rF+}
rPois    +         Reflect  .   (helmet restricted)
rElec    .         Harm     .   G - +2 cloak
rCorr    .         Rampage  .   t - +1 pair of gloves
Will     ++++.                  q - +1 pair of boots
Stlth    ..........             (no amulet)
HPRegen  0.34/turn              O - ring of Tatai {*Slow rPois Will+++ Str-2 Stlth-}
MPRegen  0.17/turn              k - ring of protection from cold

@: no status effects
A: retaliatory headbutt, horns 2, cold resistance 1, screaming 1
a: Renounce Religion, Depart the Abyss, Bend Space, Banish, Corrupt, Enter the
Abyss, Brand Weapon With Distortion


You were on level 15 of the Dungeon.
You worshipped Lugonu.
Lugonu was exalted by your worship.
You visited 3 branches of the dungeon, and saw 23 of its levels.
You visited the Abyss 1 time.
You also visited: Ossuary and Volcano.

You collected 2941 gold pieces.

Inventory:

Hand Weapons
 a - a +5 trident of freezing (weapon)
 b - a +0 hand crossbow
 V - a +2 great mace of flaming
Missiles
 s - 10 javelins (quivered)
 u - 47 poisoned darts
 x - 130 bolts
 I - 4 curare-tipped darts
Armour
 m - a +1 kite shield (worn)
 q - a +1 pair of boots (worn)
 r - a +2 plate armour of fire resistance (worn)
 t - a +1 pair of gloves (worn)
 G - a +2 cloak (worn)
Jewellery
 k - a ring of protection from cold (right hand)
 D - a +4 ring of protection
 O - the ring of Tatai (left hand) {*Slow rPois Will+++ Str-2 Stlth-}
   (You found it on level 13 of the Dungeon)

   [ring of attention]

   It affects your strength (-2).
   It protects you from poison.
   It affects your willpower, your defense against some magical effects.
   It may slow you when you take damage.
   It makes you less stealthy.
 W - a +6 ring of dexterity
Wands
 d - a wand of flame (65)
 j - a wand of digging (7)
 y - a wand of paralysis (16)
 E - a wand of iceblast (17)
 F - a wand of disintegration (13)
 H - a wand of enslavement (13)
 T - a wand of acid (10)
Scrolls
 e - 3 scrolls of identify
 f - 6 scrolls of enchant armour
 h - 5 scrolls of remove curse
 o - 2 scrolls of fog
 v - 3 scrolls of immolation
 w - 5 scrolls of fear
 z - a scroll of enchant weapon {unknown}
 A - a scroll of blinking
 C - a scroll of magic mapping {unknown}
 J - a scroll of vulnerability {unknown}
 K - 5 scrolls of teleportation
 L - a scroll of acquirement {unknown}
 Q - a scroll of holy word
 R - a scroll of silence {unknown}
Potions
 c - 3 potions of invisibility
 g - 11 potions of curing
 i - 8 potions of lignification
 l - 3 potions of mutation
 n - 3 potions of cancellation
 p - 4 potions of flight
 B - 8 potions of might
 M - 3 potions of haste
 N - 3 potions of ambrosia
 S - 6 potions of berserk rage
Miscellaneous
 U - a phial of floods


   Skills:
 + Level 14.1 Fighting
 - Level 4.6(13.8) Axes
 - Level 15.7(16.0) Maces & Flails
 * Level 12.9(13.2) Polearms
 - Level 10.0 Crossbows
 + Level 13.9 Armour
 - Level 1.1 Dodging
 - Level 13.0 Shields
 - Level 9.0 Invocations


You had 15 spell levels left.
You didn't know any spells.
Your spell library contained the following spells:

 Spells                   Type           Power        Failure   Level
 Corona                   Hex            0%           100%        1
 Sting                    Tmut/Pois      0%           100%        1
 Ensorcelled Hibernation  Hex/Ice        0%           100%        2
 Poisonous Vapours        Pois/Air       0%           100%        2
 Confusing Touch          Hex            0%           100%        3
 Dazzling Flash           Conj/Hex       0%           100%        3
 Ignite Poison            Fire/Tmut/Pois 0%           100%        3
 Mephitic Cloud           Conj/Pois/Air  0%           100%        3
 Tukima's Dance           Hex            0%           100%        3
 Cause Fear               Hex            0%           100%        4
 Iskenderun's Mystic Bla  Conj/Tloc      0%           100%        4
 Olgreb's Toxic Radiance  Pois           0%           100%        4
 Bolt of Magma            Conj/Fire/Erth 0%           100%        5
 Iskenderun's Battlesphe  Conj           0%           100%        5
 Silence                  Hex/Air        0%           100%        5
 Yara's Violent Unravell  Hex/Tmut       0%           100%        5
 Freezing Cloud           Conj/Ice/Air   0%           100%        6
 Iron Shot                Conj/Erth      0%           100%        6
 Malign Gateway           Summ/Tloc      0%           100%        7
 Orb of Destruction       Conj           0%           100%        7
 Spellforged Servitor     Conj/Summ      0%           100%        7
 Discord                  Hex            0%           100%        8


Dungeon Overview and Level Annotations

Branches:
Dungeon (15/15)            Temple (0/1) D:6            Lair (6/6) D:11
  Swamp (0/4) Lair:3        Snake (0/4) Lair:2        Slime (0/5) Lair:6
    Orc (2/2) D:11            Elf (0/3) Orc:2       Ossuary (visited)
Volcano (visited)
 Vaults: D:13-14     Depths: D:15

Altars:
Cheibriados
Ru
Wu Jian
Xom
Beogh

Shops:
D:5 *[**   D:14 :   Orc:2 *[=(

Annotations:
D:12 corrupted, 1 runed translucent door, exclusion: door
D:14 exclusions: 3 doors, 2 yaktaurs and 4 more exclusions
Lair:2 3 runed translucent doors, exclusion: 3 doors, Xiliam's ghost, journeyman DsCK
Lair:4 exclusion: oklob plant
Abyss:1 Sonja; Urug


Innate Abilities, Weirdness & Mutations

You reflexively headbutt those who attack you in melee.
You have a pair of horns on your head.
Your flesh is cold resistant. (rC+)
You occasionally shout uncontrollably at your foes.


Message History

You block the wolf spider's attack.
The wolf spider hits you but does no damage.
The wolf spider bites you but does no damage.
The dire elephant tramples you but does no damage.
You block the dire elephant's attack. The wolf spider barely misses you.
The wolf spider bites you!
* * * LOW HITPOINT WARNING * * *
The dire elephant tramples you but does no damage.
The dire elephant trunk-slaps you.
* * * LOW HITPOINT WARNING * * *
You see here 17 sling bullets.
You block the wolf spider's attack. x2
You block the wolf spider's attack.
The wolf spider bites you but does no damage.
The wolf spider barely misses you. The wolf spider bites you.
* * * LOW HITPOINT WARNING * * *
Space bends around you!
You blink.
The wolf spider hits you!
* * * LOW HITPOINT WARNING * * *
The wolf spider barely misses you. The dire elephant tramples you!!
You die...

.### ... .. ..# ... ### ..#
..# ..# ..##..# ..# .......
##.## ....... #...
..#################≈.#
................@.#..# #
..............§sYJ#.####.##
.....#############...#.....
.###.#....##...J(.†≈...≈.#
.# #.#....##.........#####
.# #.#....##............#
.# #.#..................#
.#########.....#######..#
...##...##.....##...##..#


You could see a dire elephant, a slime creature and a wolf spider.

Vanquished Creatures
  An orc warlord (Orc:1)
  A stone giant (Orc:2)
  Nessos (D:14)
  Azrael (Orc:1)
  A dire elephant (Lair:6)
  Snorg (D:14)
  11 hydras
  Harold (Orc:1)
  A boulder beetle (Lair:4)
  A centaur warrior (D:15)
  2 catoblepae
  An anaconda (Lair:6)
  12 two-headed ogres
  An ogre mage (D:15)
  A death knight (D:14)
  The ghost of cada the Quickloader, a novice DgAM (D:10)
  9 death yaks
  5 orc high priests
  An unseen horror (D:11)
  A flayed ghost (D:15)
  A lindwurm (Lair:6)
  A wizard (D:14)
  2 phantasmal warriors (D:13)
  A bog body (Lair:3)
  5 orc knights
  11 ugly things
  A salamander (Volcano)
  3 orc sorcerers
  3 manticores
  Maurice (D:12)
  14 elephants
  4 black mambas
  A gargoyle (D:12)
  14 cane toads
  2 rime drakes
  3 kobold demonologists (D:12)
  13 komodo dragons
  2 freezing wraiths (D:14)
  An efreet (D:15)
  4 trolls
  4 polar bears
  7 slime creatures
  A hornet (D:9)
  19 blink frogs
  9 dream sheep
  A shadow (D:13)
  10 wyverns
  8 spriggans (Lair:2)
  A wraith (D:15)
  2 basilisks
  2 fire bats (Volcano)
  52 yaks
  4 fire elementals
  A human (D:12)
  3 vampire mosquitoes (D:15)
  Menkaure (D:5)
  A neqoxec (D:10)
  5 wargs
  18 water moccasins
  5 hell hounds
  34 orc warriors
  2 necrophages
  3 sky beasts
  6 ogres
  5 black bears
  3 ice beasts
  A phantom (D:10)
  9 centaurs
  10 wolves
  An elf zombie (Ossuary)
  4 big kobolds
  20 bullfrogs
  3 wyvern skeletons
  2 scorpions
  16 wights
  4 electric eels
  10 howler monkeys
  A bullfrog zombie (D:11)
  A crimson imp (D:12)
  3 quasits (D:10)
  9 hounds
  5 centaur zombies
  7 jellies
  23 orc priests
  2 bullfrog skeletons (D:9)
  5 centaur skeletons
  35 orc wizards
  Natasha (thrice) (D:3)
  4 iguanas
  9 worker ants
  A human simulacrum (D:13)
  A hound zombie (Ossuary)
  A mummy (D:8)
  2 worker ant zombies (D:10)
  4 gnolls (D:9)
  A howler monkey skeleton (D:6)
  4 adders
  A shadow imp (D:10)
  3 white imps
  2 oozes
  2 adder zombies
  4 adder skeletons
  2 worms
  A dart slug (D:1)
  9 leopard geckos
  142 orcs
  6 bats
  3 giant cockroaches
  A gnoll zombie (Ossuary)
  6 hobgoblins
  17 jackals
  19 kobolds
  4 quokkas
  2 ball pythons
  7 frilled lizards
  6 goblins
  2 goblin zombies (Ossuary)
  A hobgoblin zombie (D:8)
  A jackal zombie (Ossuary)
  A kobold zombie (Ossuary)
  An orc zombie (D:8)
  A quokka skeleton (D:9)
  5 rats
798 creatures vanquished.

Vanquished Creatures (others)
  Frances (D:12)
  A blink frog (Lair:6)
  A slime creature (D:12)
  A yak (Lair:6)
  A basilisk (Lair:6)
  A jelly (Lair:6)
  A human simulacrum (D:13)
  A kobold (D:12)
  57 fungi
  98 plants
  5 starspawn tentacles (D:12)
168 creatures vanquished.

Grand Total: 966 creatures vanquished

Notes
Turn   | Place    | Note
-------+----------+-------------------------------------------
     0 | Abyss:1  | Electrofox the Minotaur Abyssal Knight began the quest for
                  | the Orb.
     0 | Abyss:1  | Reached XP level 1. HP: 19/19 MP: 1/1
   172 | Abyss:1  | Noticed a raiju
   173 | D:1      | Escaped the Abyss
   573 | D:1      | Reached * piety under Lugonu
   580 | D:1      | Reached XP level 2. HP: 26/26 MP: 2/2
   665 | D:1      | Found a snail-covered altar of Cheibriados.
  1918 | D:2      | Reached XP level 3. HP: 31/31 MP: 3/3
  2656 | D:3      | Noticed Natasha
  2660 | D:3      | Killed Natasha
  2764 | D:3      | Reached XP level 4. HP: 38/39 MP: 4/4
  3024 | D:3      | Noticed Natasha
  3034 | D:3      | Killed Natasha
  3066 | D:3      | Reached ** piety under Lugonu
  3130 | D:3      | Noticed Natasha
  3464 | D:3      | Found an ornate altar of the Wu Jian Council.
  3538 | D:3      | Killed Natasha
  3539 | D:3      | Reached XP level 5. HP: 45/45 MP: 5/5
  3879 | D:4      | Reached skill level 5 in Polearms
  4042 | D:4      | Noticed an ice beast
  4314 | D:3      | Reached XP level 6. HP: 36/51 MP: 6/6
  4915 | D:5      | Entered Level 5 of the Dungeon
  5024 | D:4      | Reached skill level 1 in Maces & Flails
  5135 | D:4      | Reached skill level 2 in Maces & Flails
  5456 | D:5      | Reached skill level 3 in Maces & Flails
  5502 | D:5      | Found Opos's General Store.
  5502 | D:5      | Found Venogubb's Assorted Antiques.
  5502 | D:5      | Found Pyne Jomu's Assorted Antiques.
  5506 | D:5      | Found Sikaolah's Armour Boutique.
  5532 | D:5      | Noticed Menkaure
  5566 | D:5      | Killed Menkaure
  5567 | D:5      | Reached skill level 4 in Maces & Flails
  5567 | D:5      | Reached XP level 7. HP: 25/57 MP: 4/7
  5788 | D:5      | Reached skill level 5 in Maces & Flails
  6081 | D:5      | Reached skill level 6 in Maces & Flails
  6100 | D:5      | Reached skill level 7 in Maces & Flails
  6688 | D:5      | Reached XP level 8. HP: 45/64 MP: 8/8
  6884 | D:6      | Found a staircase to the Ecumenical Temple.
  6937 | D:5      | Reached skill level 8 in Maces & Flails
  7130 | D:6      | Reached skill level 9 in Maces & Flails
  7368 | D:6      | Reached skill level 10 in Maces & Flails
  7403 | D:6      | Reached *** piety under Lugonu
  7488 | D:6      | Identified Feliff's Incunabulum of Unstable Air
  7788 | D:7      | Noticed a komodo dragon
  7838 | D:7      | Reached skill level 11 in Maces & Flails
  8260 | D:6      | Reached XP level 9. HP: 45/70 MP: 9/9
  8971 | D:8      | Found a sand-covered staircase.
  9112 | Ossuary  | Entered an ossuary
  9505 | D:8      | Reached skill level 12 in Maces & Flails
  9722 | D:8      | Noticed a cyclops
 10637 | D:8      | Reached **** piety under Lugonu
 10719 | D:8      | Reached skill level 13 in Maces & Flails
 10947 | D:8      | Reached skill level 1 in Crossbows
 12183 | D:9      | Noticed a two-headed ogre
 12654 | D:9      | Reached XP level 10. HP: 77/77 MP: 12/12
 12668 | D:9      | Reached skill level 5 in Invocations
 13077 | D:9      | Killed a two-headed ogre
 13119 | D:9      | HP: 3/77 [electric eel/bolt of electricity (7)]
 14417 | D:10     | Entered Level 10 of the Dungeon
 14706 | D:10     | Noticed a two-headed ogre
 14722 | D:10     | Found a transporter.
 14747 | D:10     | Found a transporter.
 14750 | D:10     | Noticed cada's ghost (novice DgAM)
 14827 | D:9      | Reached ***** piety under Lugonu
 15648 | D:10     | Noticed Urug
 15767 | D:10     | Noticed Sonja
 15793 | D:10     | Banished a two-headed ogre
 16408 | D:10     | Reached XP level 11. HP: 58/82 MP: 16/16
 16608 | D:10     | Banished Sonja
 16609 | D:10     | Reached skill level 14 in Maces & Flails
 16609 | D:10     | Reached skill level 5 in Crossbows
 16612 | D:10     | Banished Urug
 17442 | D:11     | Found a shimmering altar of Xom.
 17616 | D:11     | Found a staircase to the Orcish Mines.
 17718 | D:11     | Noticed a purple ugly thing
 17734 | D:11     | Killed a purple ugly thing
 18039 | D:11     | Found a staircase to the Lair.
 18647 | D:12     | Noticed a deep elf mage
 18703 | D:12     | Reached skill level 1 in Shields
 18879 | D:12     | Noticed a sun demon
 19113 | D:11     | Killed an unseen horror
 19402 | D:12     | Noticed Frances
 19414 | D:12     | Corrupted D:12
 19414 | D:12     | Noticed a starcursed mass
 19414 | D:12     | Noticed a tentacled starspawn
 19414 | D:12     | Noticed a tentacled starspawn
 19415 | D:12     | Noticed a thrashing horror
 19420 | D:12     | Killed Frances
 19534 | D:12     | Reached skill level 5 in Shields
 19933 | D:12     | Noticed a seven-headed hydra
 19945 | D:12     | Killed a seven-headed hydra
 20314 | D:12     | Banished a deep elf mage
 20634 | D:12     | Noticed a sphinx
 20634 | D:12     | Noticed a tengu reaver
 20635 | D:12     | Found a runed translucent door.
 20635 | D:12     | Noticed a tengu reaver
 20635 | D:12     | Noticed a cyan ugly thing
 20642 | D:12     | Killed a cyan ugly thing
 20701 | D:12     | Noticed Maurice
 20843 | D:12     | Reached XP level 12. HP: 75/90 MP: 17/17
 21904 | D:12     | Killed Maurice
 22142 | D:13     | Got a vibrating jade ring
 22143 | D:13     | Identified the ring of Tatai {*Slow rPois Will+++ Str-2
                  | Stlth-} (You found it on level 13 of the Dungeon)
 22649 | D:14     | Noticed a vault guard
 22649 | D:14     | Noticed a vault guard
 22819 | Lair:1   | Entered Level 1 of the Lair of Beasts
 23317 | Lair:1   | Noticed a four-headed hydra
 23333 | Lair:1   | Killed a four-headed hydra
 23334 | Lair:1   | Reached skill level 10 in Shields
 23701 | Lair:1   | Reached skill level 10 in Crossbows
 24134 | Lair:2   | Found a staircase to the Snake Pit.
 24562 | Lair:2   | Noticed a six-headed hydra
 25412 | Lair:2   | Killed a six-headed hydra
 25666 | Lair:2   | Noticed Xiliam's ghost (journeyman DsCK)
 25666 | Lair:2   | Noticed a ten-headed hydra
 25667 | Lair:2   | Found a runed translucent gate.
 25667 | Lair:2   | Noticed a 13-headed hydra
 25668 | Lair:2   | Found a runed translucent gate.
 25668 | Lair:2   | Found a runed translucent gate.
 25689 | Lair:2   | Noticed a four-headed hydra
 25697 | Lair:2   | Killed a four-headed hydra
 25954 | Lair:2   | Got an ancient chain mail
 25963 | Lair:2   | Identified the +2 chain mail of the Hurricane {Dex+2} (You
                  | found it on level 2 of the Lair of Beasts)
 26164 | Lair:2   | Noticed a seven-headed hydra
 26194 | Lair:2   | Killed a seven-headed hydra
 26195 | Lair:2   | Reached XP level 13. HP: 58/99 MP: 18/18
 26558 | Lair:2   | Reached skill level 5 in Fighting
 27315 | Lair:3   | Reached skill level 5 in Armour
 28385 | Lair:3   | Found a staircase to the Swamp.
 29658 | Lair:4   | Reached skill level 15 in Maces & Flails
 31820 | Lair:5   | Reached XP level 14. HP: 115/118 MP: 19/19
 32347 | Lair:6   | Entered Level 6 of the Lair of Beasts
 32391 | Lair:5   | Reached skill level 10 in Fighting
 33280 | Lair:6   | Reached skill level 10 in Armour
 33452 | Lair:6   | Found a staircase to the Slime Pits.
 34599 | Lair:6   | Reached ****** piety under Lugonu
 37595 | Orc:1    | Entered Level 1 of the Orcish Mines
 37595 | Orc:1    | Found a dark tunnel.
 37611 | Orc:1    | Noticed Harold
 37620 | Orc:1    | Killed Harold
 37648 | Volcano  | Entered a volcano
 38491 | Volcano  | Reached XP level 15. HP: 134/134 MP: 20/20
 38755 | Orc:1    | Found a roughly hewn altar of Beogh.
 38903 | Orc:2    | Entered Level 2 of the Orcish Mines
 38908 | Orc:2    | Noticed Azrael
 39521 | Orc:1    | Killed Azrael
 40025 | Orc:1    | Reached XP level 16. HP: 43/141 MP: 12/21
 40569 | Orc:2    | Found a staircase to the Elven Halls.
 40653 | Orc:2    | Found a roughly hewn altar of Beogh.
 40987 | Orc:2    | Reached skill level 10 in Polearms
 43055 | Orc:2    | Found Xuamigata's Antique Armour Boutique.
 43056 | Orc:2    | Found Josopso's Antique Weapon Shop.
 43067 | Orc:2    | Gained mutation: You occasionally shout uncontrollably at
                  | your foes. [a neqoxec]
 43070 | Orc:2    | Gained mutation: Your flesh is cold resistant. (rC+) [a
                  | neqoxec]
 43472 | Orc:2    | Found Hutecoz's General Store.
 43472 | Orc:2    | Found Jefiydor's Jewellery Boutique.
 44182 | D:10     | Killed cada's ghost
 45293 | D:14     | Found a sacrificial altar of Ru.
 45462 | D:14     | Noticed Snorg
 45476 | D:14     | Killed Snorg
 45555 | D:14     | Found Lasinlo's Book Boutique.
 45674 | D:14     | Noticed Nessos
 45688 | D:14     | Killed Nessos
 45878 | D:15     | Entered Level 15 of the Dungeon
 47535 | D:15     | HP: 5/146 [wolf spider (15)]
 47535 | D:15     | Demolished by a dire elephant

Illustrated notes

Levels and vault maps discovered:
D:1:      zaba_arrival_water, layout_loops_corners, chequers_big_river,
          dk_noncrumbling_2, cheibriados_altar_1
D:2:      layout_basic, minmay_misc_feat_alley
D:3:      layout_loops_cross, lemuel_crystal_altar, guppyfry_early_orc_mine,
          uniq_natasha
D:4:      layout_loops_ring, hangedman_abyss_or_decor_jellyfish_corner,
          lightli_corner_chamber
D:5:      layout_basic, hangedman_abyss_or_decor_lesser_grid,
          minmay_shop_grid_forest, uniq_menkaure
D:6:      layout_rooms, minmay_temple_entry_large_hall, minmay_fractal_squares_5
D:7:      layout_rooms, roderic_lattice_a, minmay_lizard_king
D:8:      layout_loops_ring, special_room [special_room_orc],
          nicolae_ossuary_entry_giza
D:9:      layout_basic, serial_bayou_ford_a, hangedman_decor_push
D:10:     layout_small_grid, gammafunk_ghost_stat_death, uniq_sonja, uniq_urug
D:11:     layout_basic, grunt_lair_entry_orc_guard_hut, xom_teletrap_fun
D:12:     layout_loops_corners, hangedman_abyss_or_decor_stagger,
          chequers_arboretum, hangedman_stone_soup, kennysheep_treasure_room,
          uniq_frances, uniq_maurice
D:13:     layout_stronghold, nicolae_two_hexagons, bh_circular_ruins
D:14:     layout_roguey, grunt_vaults_entry_fortified, nicolae_ru_awakened_eye,
          serial_shops, kennysheep_mini_moat, uniq_nessos, uniq_snorg
D:15:     hangedman_depths_entry_try_elsewhere_first, layout_stronghold,
          minivault_25, minmay_three_doors
Lair:1:   layout_cave_pods, grunt_megastairs_3, lemuel_fruit_fields
Lair:2:   kb_forest_paths, layout_regular_city, dummy_snake_entry,
          gammafunk_ghost_hydra_chop, st_stairs_9, patterned_corridor
Lair:3:   layout_misc_corridors, skrybe_swamp_entry_bodies, st_stairs_4,
          serial_bayou_shore_a, lemuel_fruit_tree
Lair:4:   layout_small_grid, infiniplex_staircase_pool, grunt_megastairs_4,
          minmay_lair_oklob_chamber
Lair:5:   layout_gridlike, serial_bayou_pond_b
Lair:6:   due_jungle_book, layout_cave_pods, nicolae_slime_entry_slimehenge
Orc:1:    minmay_goldmine, layout_caves, basic_altar, enter_volcano_1,
          uniq_harold
Orc:2:    st_orc_congregation, layout_caves, basic_altar, uniq_azrael

Skill      XL: |  1  2  3  4  5  6  7  8  9 10 11 12 13 14 15 16 |
---------------+-------------------------------------------------+-----
Axes           | 3 4 |  4.6
Polearms       | 2 4 5 6 8 9 12 | 12.9
Maces & Flails | 4 7 11 13 14 15 | 15.7
Crossbows      | 1 4 8 10 | 10.0
Invocations    | 4 8 9 |  9.0
Shields        | 7 12 13 | 13.0
Fighting       | 4 9 12 14 | 14.1
Armour         | 3 9 12 13 | 13.9
Dodging        | |  1.1

Action                   |  1- 3 |  4- 6 |  7- 9 | 10-12 | 13-15 | 16-18 || total
-------------------------+-------+-------+-------+-------+-------+-------++-------
Melee: Hand axe          |    72 |       |       |       |       |       ||    72
       Headbutt          |     7 |    22 |    78 |   160 |   294 |   159 ||   720
       Trident           |     8 |   113 |       |       |   182 |   803 ||  1106
       Morningstar       |       |    38 |   375 |   940 |  1012 |       ||  2365
 Fire: Hunting sling     |       |    27 |     2 |       |       |       ||    29
       Hand crossbow     |       |       |   109 |   276 |   205 |   173 ||   763
Throw: Dart              |       |     5 |    10 |    13 |    13 |       ||    41
       Javelin           |       |       |       |    12 |     3 |       ||    15
Invok: Depart the Abyss  |     1 |       |       |       |       |       ||     1
       Bend Space        |       |     2 |     8 |     5 |     5 |     5 ||    25
       Banish            |       |       |       |     7 |     4 |     3 ||    14
       Corrupt           |       |       |       |     1 |       |       ||     1
Evoke: Wand              |       |       |       |     7 |     2 |     1 ||    10
       Phial of floods   |       |       |       |       |     1 |       ||     1
  Use: Scroll            |     6 |     1 |     5 |    11 |     6 |     3 ||    32
       Potion            |       |       |       |       |     3 |     2 ||     5
 Stab: Petrified         |       |       |       |       |     3 |       ||     3
Armor: Leather armour    |    13 |       |       |       |       |       ||    13
       Ring mail         |     6 |       |       |       |       |       ||     6
       Scale mail        |       |    46 |   188 |       |       |       ||   234
       Plate armour      |       |       |    67 |   504 |       |   275 ||   846
       Chain mail        |       |       |       |    11 |   523 |    40 ||   574
Dodge: Dodged            |    37 |    32 |   114 |   121 |   297 |   122 ||   723
Block: Kite shield       |     3 |    31 |   186 |   483 |   755 |   412 ||  1870
